 Dungeon Crawl Stone Soup version 0.23.2-1-ga50397a (webtiles) character file.

Game seed: 3847810770633287810

822 MalarOregon the Chiller (level 7, -1/84 HPs)
             Began as a Merfolk Ice Elementalist on May 23, 2019.
             Slain by a hornet zombie (10 damage)
             ... on level 6 of the Dungeon.
             The game lasted 00:14:50 (6395 turns).

MalarOregon the Chiller (Merfolk Ice Elementalist)  Turns: 6395, Time: 00:14:50

Health: -1/84      AC:  3    Str: 14    XL:     7   Next: 95%
Magic:  14/14      EV: 13    Int: 16    God:
Gold:   416        SH:  0    Dex: 14    Spells: 4/15 levels left

rFire    . . .     SeeInvis .   s - +0 rapier "Idai" {speed, rElec} (curse)
rCold    . . .     Gourm    .   (no shield)
rNeg     . . .     Faith    .   a - +0 robe
rPois    .         Spirit   .   (no helmet)
rElec    +         Reflect  .   (no cloak)
rCorr    +         Harm     .   q - +0 pair of gloves
MR       .....                  (no boots)
Stlth    ..........             (no amulet)
HPRegen  0.24/turn              r - ring of wizardry
MPRegen  0.14/turn              f - ring of resist corrosion

@: berserking, very quick
A: change form in water, swift swim, stealthy swim
a: no special abilities


You were on level 6 of the Dungeon.
You were not hungry.

You visited 1 branch of the dungeon, and saw 6 of its levels.

You collected 416 gold pieces.

Inventory:

Hand Weapons
 s - the cursed +0 rapier "Idai" (weapon) {speed, rElec}
   (You found it on level 4 of the Dungeon)

   Attacks with this weapon are significantly faster.
   It insulates you from electricity.
   It has a curse placed upon it.
Missiles
 b - a throwing net (quivered) {!f}
Armour
 a - a +0 robe (worn)
 q - a +0 pair of gloves (worn)
   (You found it on level 4 of the Dungeon)
Jewellery
 c - an uncursed ring of fire
   (You found it on level 3 of the Dungeon)
 f - a ring of resist corrosion (right hand)
   (You found it on level 1 of the Dungeon)
 k - an uncursed ring of fire
   (You found it on level 1 of the Dungeon)
 r - a ring of wizardry (left hand)
   (You found it on level 4 of the Dungeon)
Scrolls
 h - 2 scrolls of remove curse {@r2}
 j - a scroll of identify {@r1}
 o - 2 scrolls of teleportation {@r4}
Potions
 d - 2 potions of mutation {!q}
 g - 2 potions of lignification {!q}
 i - 2 potions of agility
 l - a potion of resistance
 m - a potion of flight
 n - a potion of might
 u - a potion of curing {@q1}
Comestibles
 e - 14 rations {!d}
 p - 4 chunks of flesh


   Skills:
 + Level 5.2 Fighting
 - Level 2.6 Dodging
 - Level 2.1 Stealth
 + Level 4.9 Spellcasting
 + Level 0.9 Conjurations
 + Level 6.3 Ice Magic


You had 4 spell levels left.
You knew the following spells:

 Your Spells              Type           Power        Failure   Level  Hunger
a - Freeze                Ice            ###.         1%          1    None
c - Throw Icicle          Conj/Ice       ###.....     14%         4    ####...
d - Summon Ice Beast      Ice/Summ       ##......     16%         4    ####...
x - Throw Frost           Conj/Ice       ###...       2%          2    ##.....

Your spell library contained the following spells:

 Spells                   Type           Power        Failure   Level  Hunger
 Ozocubu's Armour         Chrm/Ice       ##......     5%          3    ###....


Dungeon Overview and Level Annotations

Branches:
Dungeon (6/15)
 Temple: D:4-7

Altars:
Makhleb
Ru

Annotations:
D:2 Terence
D:3 exclusions: 3 orcs and orc priest, Edmund


Message History

p - 2 chunks of flesh You see here a quokka skeleton. x2
Eating one of 2 chunks of flesh.
You eat one of the 2 chunks of flesh.
You see here a quokka skeleton.
A hound comes into view.
Found a stone staircase leading down.
You hit the hound but do no damage. The hound bites you but does no damage.
You hit the hound. The hound barely misses you.
You barely miss the hound. The hound bites you.
You closely miss the hound. The hound bites you.
You barely miss the hound.
The hound stops to sniff the ground.
The hound barely misses you. x2
You hit the hound but do no damage. The hound closely misses you.
You closely miss the hound. The hound bites you but does no damage.
You hit the hound. The hound barely misses you.
You hit the hound but do no damage. The hound bites you.
You barely miss the hound. The hound bites you but does no damage.
The hound bites you.
You puncture the hound! The hound barely misses you.
You hit the hound.
You kill the hound!
You butcher the hound corpse.
p - 4 chunks of flesh (gained 3)
You see here a hound skeleton. x2
A hornet zombie comes into view.
Found a potion of magic.
A hornet zombie is nearby!
You hit the hornet zombie. The hornet zombie hits you.
You closely miss the hornet zombie. The hornet zombie barely misses you.
You barely miss the hornet zombie. The hornet zombie hits you!
You hit the hornet zombie. The hornet zombie hits you.
You hit the hornet zombie. The hornet zombie closely misses you.
You hit the hornet zombie but do no damage.
The hornet zombie closely misses you.
You closely miss the hornet zombie. The hornet zombie barely misses you.
You hit the hornet zombie. The hornet zombie hits you!
* * * LOW HITPOINT WARNING * * *
You hit the hornet zombie. The hornet zombie barely misses you.
The hornet zombie closely misses you.
You hit the hornet zombie but do no damage.
The hornet zombie closely misses you.
You closely miss the hornet zombie. The hornet zombie hits you!
* * * LOW HITPOINT WARNING * * *
A red film seems to cover your vision as you go berserk!
You feel yourself moving faster!
You feel mighty! The hornet zombie misses you.
You puncture the hornet zombie! The hornet zombie hits you!
* * * LOW HITPOINT WARNING * * *
You hit the hornet zombie. The hornet zombie hits you!
You die...

#######
#####+####.รท...#
...........###.#
......Z@...# #.#
..!........# #.#
.....>.....# #.#
...........# #.#
#####+####.# #.#
#.# #.#
..###.####
##......#
#.#.##.#


You could see a hornet zombie.

Vanquished Creatures
  A phantom (D:5)
  A centaur (D:5)
  An ogre (D:5)
  A crimson imp (D:5)
  2 hounds
  2 orc priests
  A jelly (D:4)
  A bullfrog skeleton (D:5)
  2 iguanas
  A centaur skeleton (D:5)
  7 gnolls (D:4)
  2 worker ant zombies (D:5)
  11 adders
  A shadow imp (D:4)
  An adder skeleton (D:4)
  A dart slug (D:3)
  2 leopard geckos
  9 orcs
  4 giant cockroaches
  9 goblins
  7 hobgoblins
  8 kobolds
  A quokka (D:6)
  9 bats
  5 frilled lizards
  6 rats
96 creatures vanquished.

Notes
Turn   | Place    | Note
-------+----------+-------------------------------------------
     0 | D:1      | MalarOregon the Merfolk Ice Elementalist began the quest
                  | for the Orb.
     0 | D:1      | Reached XP level 1. HP: 13/13 MP: 3/3
   126 | D:1      | Reached XP level 2. HP: 15/20 MP: 0/5
   230 | D:1      | Reached skill level 1 in Fighting
   634 | D:2      | Found a sacrificial altar of Ru.
   655 | D:2      | Reached XP level 3. HP: 26/26 MP: 3/6
  1141 | D:2      | Noticed Terence
  1242 | D:2      | Learned a level 2 spell: Throw Frost
  1346 | D:3      | Reached skill level 4 in Ice Magic
  1469 | D:3      | Noticed an ice beast
  1652 | D:3      | Reached XP level 4. HP: 29/33 MP: 5/8
  2055 | D:3      | Reached XP level 5. HP: 34/39 MP: 0/9
  3348 | D:4      | Reached XP level 6. HP: 40/47 MP: 6/11
  3373 | D:4      | Learned a level 4 spell: Throw Icicle
  3378 | D:4      | Learned a level 4 spell: Summon Ice Beast
  3658 | D:4      | Reached skill level 5 in Ice Magic
  3952 | D:4      | Got an encrusted rapier
  4152 | D:5      | Entered Level 5 of the Dungeon
  4273 | D:5      | Noticed Edmund
  4273 | D:5      | Noticed a phantom
  4580 | D:5      | Killed a phantom
  4918 | D:5      | Reached XP level 7. HP: 38/54 MP: 13/13
  5830 | D:5      | Reached skill level 6 in Ice Magic
  6046 | D:5      | Found a burning altar of Makhleb.
  6147 | D:5      | Reached skill level 5 in Fighting
  6304 | D:6      | Identified the cursed +0 rapier "Idai" {speed, rElec} (You
                  | found it on level 4 of the Dungeon)
  6395 | D:6      | Slain by a hornet zombie

Skill      XL: |  1  2  3  4  5  6  7 |
---------------+----------------------+-----
Fighting       | 1 2 3 4 5 |  5.2
Ice Magic      | 4 5 6 |  6.3
Spellcasting   | 3 4 |  4.9
Dodging        | |  2.6
Stealth        | |  2.1
Conjurations   | |  0.9

Action                   |  1- 3 |  4- 6 |  7- 9 || total
-------------------------+-------+-------+-------++-------
Melee: Unarmed           |     7 |       |       ||     7
       Dagger            |    32 |    73 |    37 ||   142
       Rapier            |       |       |    26 ||    26
 Cast: Freeze            |    62 |    45 |    21 ||   128
       Throw Frost       |       |    20 |     7 ||    27
       Throw Icicle      |       |     4 |       ||     4
  Use: Scroll            |       |    13 |     4 ||    17
       Potion            |       |     2 |     1 ||     3
 Stab: Sleeping          |     2 |     9 |       ||    11
  Eat: Chunk             |     3 |     9 |     4 ||    16
       Ration            |       |     1 |       ||     1
Armor: Robe              |     4 |    17 |     9 ||    30
Dodge: Dodged            |    70 |    68 |    63 ||   201
